 Dungeon Crawl Stone Soup version 0.30.1-11-g7821555f0a (webtiles) character file.

Game seed: 14351664369679919240

2 leafyfresh the Sneak (level 1, -2/19 HPs)
             Began as a Barachi Delver on Nov 18, 2023.
             Killed by nerve-wracking pain
             ... invoked by an orc priest
              (8 damage)
             ... on level 5 of the Dungeon.
             The game lasted 00:00:13 (49 turns).

leafyfresh the Sneak (Barachi Delver)                 Turns: 49, Time: 00:00:14

Health: -2/19      AC:  3    Str: 13    XL:     1   Next: 30%
Magic:  1/1        EV: 12    Int: 10    God:
Gold:   9          SH:  0    Dex: 13    Spells: 0/0 levels left

rFire   . . .        a - +0 falchion
rCold   . . .        (no shield)
rNeg    . . .        b - +0 leather armour
rPois   .            (no helmet)
rElec   .            (no cloak)
rCorr   .            (no gloves)
SInv    .            (no boots)
Will    .....        (no amulet)
Stlth   ++           (no ring)
HPRegen 0.23/turn    (no ring)
MPRegen 0.07/turn

%: no passive effects
@: slow
A: amphibious, slowness 1, strong legs 1, +LOS
a: Hop


You were on level 5 of the Dungeon.
You visited 1 branch of the dungeon, and saw 1 of its levels.

You collected 9 gold pieces.

Inventory:

Hand Weapons
 a - a +0 falchion (weapon)
Armour
 b - a +0 leather armour (worn)
Wands
 g - a wand of digging (3)
Scrolls
 c - a scroll of fog
 d - a scroll of magic mapping
 e - a scroll of fear
Potions
 f - a potion of haste
 h - 2 potions of curing {unknown}


   Skills:
 + Level 3.7 Fighting
 - Level 2.4 Long Blades
 + Level 2.3 Dodging
 - Level 4.5 Stealth


You couldn't memorise any spells.
You didn't know any spells.
Your spell library contained the following spells:

 Spells                   Type           Power      Damage    Failure   Level
 Sting                    Tmut/Pois      0%         1d3       43%         1
 Poisonous Vapours        Pois/Air       0%         N/A       58%         2
 Olgreb's Toxic Radiance  Pois           0%         N/A       99%         4


Dungeon Overview and Level Annotations

Branches:
Dungeon (5/15)
 Temple: D:4-7

Altars:


Innate Abilities, Weirdness & Mutations

You are amphibious.
You cover ground slowly.
You can hop short distances.
You have an extended range of vision and can be seen from far away.


Message History

Welcome, leafyfresh the Barachi Delver.
The heart of this dungeon contains the marvelous artefact, the Orb of Zot.
Press ? for a list of commands and other information.
Found 2 yellow potions and 9 gold pieces.
Found a stone staircase leading down.
h - 2 yellow potions No target in view!
You now have 9 gold pieces.
You pick up a Young Poisoner's Handbook and begin reading...
You add the spells Sting, Poisonous Vapours and Olgreb's Toxic Radiance to your library.
No target in view! 2 orcs and an orc priest come into view.
The orc priest shouts!
The orc shouts!
Unknown command.
An orc comes into view. It is wielding a +0 dagger.
There is a stone staircase leading down here.
The orc priest invokes the aid of Beogh against you.
Beogh smites you!
Ouch! That really hurt!
The orc shouts!
You hear a shout!
The orc priest begins to cast a cantrip, but forgets the words!
The orc priest miscasts a cantrip.
Unknown command.
The orc attacks as you move away! The orc barely misses you.
The orc attacks as you move away! The orc hits you with a +0 flail.
You slash the orc!
You kill the orc!
The orc hits you but does no damage. The orc hits you with a +0 dagger.
Things that are here:
a +0 flail; a +0 chain mail; an orc corpse You barely miss the orc.
The orc hits you with a +0 dagger.
The orc priest invokes the aid of Beogh against you.
Pain shoots through your body!
You die...

.............#
.....#......#
.....#......#
....#.o....#
####### ##.......#
#.....# #.o.....#
#.....# #......#
#.....######o...>.#
#........@o.......#
#.........o.......#
####..............#
#..............#
#..............#
#..............#
#.........###..##
#.........# #...#
########### #####


You could see an orc priest and 2 orcs.

Vanquished Creatures
  An orc (D:5)
1 creature vanquished.

Notes
Turn   | Place    | Note
-------+----------+-------------------------------------------
     0 | D:5      | leafyfresh the Barachi Delver began the quest for the Orb.
     0 | D:5      | Reached XP level 1. HP: 18/18 MP: 1/1
    37 | D:5      | Noticed an orc priest
    49 | D:5      | Killed from afar by an orc priest

Illustrated notes

Levels and vault maps discovered:
D:5:      layout_basic, minmay_temple_entry_stoned_glass,
          pf_guarded_unrand_woodcutter

Action                     || total
---------------------------++-------
  Melee: Falchion          ||     2
 Armour: Leather armour    ||     1
  Dodge: Dodged            ||     1
